 Dungeon Sprint DCSS version 0.21-a0-26-g7b23a2f (webtiles) character file.

6647 poirepourri the Unseen (level 10, -2/49 HPs)
             Began as a Spriggan Enchanter on May 25, 2017.
             Was the Champion of Dithmenos.
             Killed by the air
             ... invoked by Gastronok
              (22 damage)
             ... in the Dungeon (Sprint VII: "The Pits").
             The game lasted 00:06:46 (2521 turns).

poirepourri the Unseen (Spriggan Enchanter)         Turns: 2521, Time: 00:06:47

Health: -2/49      AC:  5    Str:  7    XL:     10   Next: 72%
Magic:  4/28       EV: 27    Int: 18    God:    Dithmenos [******]
Gold:   0          SH:  0    Dex: 19    Spells: 23/35 levels left

rFire    . . .     SeeInvis +   q - +2 rapier (elec)
rCold    . . .     Gourm    .   (shield restricted)
rNeg     . . .     Faith    .   b - +0 robe
rPois    .         Spirit   .   (helmet restricted)
rElec    .         Reflect  .   (no cloak)
rCorr    .         Harm     .   (gloves unavailable)
MR       +....     NoTele   +   (boots unavailable)
Stlth    ++++++++++             (no amulet)
Regen    0.2/turn               p - +3 ring of strength
MPRegen  0.3/turn               j - +3 ring of protection

@: wreathed by umbra, very quick
A: unfitting armour, see invisible, herbivore 3, speed 3, slow metabolism 2
a: Shadow Step, Shadow Form, Renounce Religion


You were in the Dungeon.
You worshipped Dithmenos.
Dithmenos was exalted by your worship.
You were very full.

You visited 1 branch

Inventory:

Hand Weapons
 a - a +0 dagger of draining
 q - a +2 rapier of electrocution (weapon)
Armour
 b - a +0 robe (worn)
Jewellery
 j - a +3 ring of protection (right hand)
 p - a +3 ring of strength (left hand)
Scrolls
 l - 3 scrolls of remove curse
 m - 5 scrolls of amnesia
 n - a scroll of summoning
Potions
 e - 6 potions of curing
 f - 6 potions of heal wounds
 g - 2 potions of haste
 h - a potion of magic
 i - a potion of berserk rage
 k - 2 potions of invisibility
 r - 2 potions of agility
Books
 c - a book of Maledictions

   Spells                             Type                      Level
   a - Corona                         Hexes                        1
   b - Ensorcelled Hibernation        Hexes/Ice                    2
   c - Confuse                        Hexes                        3
   d - Tukima's Dance                 Hexes                        3
   e - Dazzling Spray                 Conjuration/Hexes            3
Comestibles
 d - 7 bread rations
 o - 38 fruits


   Skills:
 + Level 3.7 Fighting
 + Level 10.7 Short Blades
 + Level 10.4 Dodging
 + Level 20.5 Stealth
 + Level 13.2 Spellcasting
 + Level 13.1 Hexes
 + Level 6.9 Ice Magic
 + Level 0.2 Invocations


You had 23 spell levels left.
You knew the following spells:

 Your Spells              Type           Power        Failure   Level  Hunger
a - Corona                Hex            ######.      1%          1    None
b - Ensorcelled Hibernat  Hex/Ice        #####.       1%          2    None
c - Confuse               Hex            ######..     1%          3    None
d - Tukima's Dance        Hex            ######..     1%          3    None
e - Dazzling Spray        Conj/Hex       #####.       1%          3    None


Dungeon Overview and Level Annotations

Branches:
Dungeon (1/1)

Altars:
Ashenzari
Cheibriados
Dithmenos
Elyvilon
Fedhas
Gozag
Hepliaklqana
Kikubaaqudgha
Makhleb
Nemelex Xobeh
Okawaru
Qazlal
Ru
Sif Muna
Trog
Uskayaw
Vehumet
Wu Jian
Xom
Yredelemnul
Zin
The Shining One
Beogh
Jiyva
Lugonu

Annotations:
D Gastronok


Innate Abilities, Weirdness & Mutations

You are very small and have problems with some larger weapons.
You are too small for most types of armour.
You have supernaturally acute eyesight. (SInv)
You are a herbivore.
You cover ground extremely quickly.
You need consume almost no food.


Message History

Gastronok mumbles some strange words.
Gastronok puts on a burst of speed!
Casting: Confuse
Confirm with . or Enter, or press ? or * to list all spells.
You can't see any susceptible monsters within range! (Use Z to cast anyway.) Unknown command.
There is an open door here.
Gastronok gurgles horribly!
Gastronok makes a strange noise.
There is an open door here.
Casting: Confuse
Confirm with . or Enter, or press ? or * to list all spells.
Aiming: Confuse
Press: ? - help, Shift-Dir - straight line, f/p - Gastronok
Aim: Gastronok, wearing an embroidered hat (covering ground quickly, umbra, chance to defeat MR: 25%) Gastronok resists with almost no effort.
There is an open door here.
Gastronok waves his eye-stalks in wide circles.
The air twists around and strikes you!
You die...

#_______...#######
##########'##.....
#%?(.')))'.##.....
##########)##.....
#..ยงยงยงยง)))..+.....
#w#####)#####.....
#.#..#..#..##.....
#.#..').'..#####+#
#@##+####[###.....
#.#.....)).##.....
#.#........##.....
#.#####'#####...<.
#.#...)))[.##.....
#.#...)))[.##.....
#'###########.....
#..#.#.##).#######
#.......#)########


You could see Gastronok.

Vanquished Creatures
  A minotaur (D)
  A sun demon (D)
  A flayed ghost (D)
  A deep troll (D)
  An orc sorcerer (D)
  2 deep elf magi (D)
  A manticore (D)
  A smoke demon (D)
  A tyrant leech (D)
  3 blink frogs (D)
  A redback (D)
  A wraith (D)
  A warg (D)
  An acid dragon (D)
  An orc warrior (D)
  5 wolves (D)
  A big kobold (D)
  2 gnoll sergeants (D)
  6 killer bees (D)
  2 crimson imps (D)
  A quasit (D)
  Jessica (D)
  A mummy (D)
  9 gnolls (D)
  2 adders (D)
  An ufetubus (D)
  A leopard gecko (D)
  5 orcs (D)
  A ball python (D)
  A bat zombie (D)
  A giant cockroach (D)
  A goblin (D)
  4 jackals (D)
  A kobold (D)
  A quokka (D)
  A leopard gecko zombie (D)
66 creatures vanquished.

Notes
Turn   | Place    | Note
-------+----------+-------------------------------------------
     0 | D        | poirepourri the Spriggan Enchanter began the quest for the Orb.
     0 | D        | Reached XP level 1. HP: 9/9 MP: 5/5
   162 | D        | Found a bloodstained altar of Trog.
   162 | D        | Found a deep blue altar of Sif Muna.
   162 | D        | Found a viscous altar of Jiyva.
   162 | D        | Found a hazy altar of Hepliaklqana.
   162 | D        | Found an opulent altar of Gozag.
   163 | D        | Found a glowing golden altar of the Shining One.
   163 | D        | Found a glowing silver altar of Zin.
   163 | D        | Found a basalt altar of Yredelemnul.
   163 | D        | Found a shimmering altar of Xom.
   163 | D        | Found an ornate altar of the Wu Jian Council.
   163 | D        | Found a sacrificial altar of Ru.
   163 | D        | Found a stormy altar of Qazlal.
   163 | D        | Found an iron altar of Okawaru.
   163 | D        | Found a sparkling altar of Nemelex Xobeh.
   163 | D        | Found a burning altar of Makhleb.
   163 | D        | Found a blossoming altar of Fedhas.
   163 | D        | Found a white marble altar of Elyvilon.
   163 | D        | Found a shadowy altar of Dithmenos.
   163 | D        | Found a snail-covered altar of Cheibriados.
   166 | D        | Found a corrupted altar of Lugonu.
   166 | D        | Found a radiant altar of Vehumet.
   166 | D        | Found a roughly hewn altar of Beogh.
   167 | D        | Found an ancient bone altar of Kikubaaqudgha.
   167 | D        | Found a hide-covered altar of Uskayaw.
   167 | D        | Found a shattered altar of Ashenzari.
   179 | D        | Became a worshipper of Dithmenos the Shadowed
   214 | D        | Reached skill level 5 in Stealth
   218 | D        | Reached * piety under Dithmenos
   365 | D        | Reached XP level 2. HP: 13/13 MP: 7/7
   371 | D        | Reached ** piety under Dithmenos
   387 | D        | Learned a level 2 spell: Ensorcelled Hibernation
   398 | D        | Noticed an orc warrior
   408 | D        | Reached skill level 6 in Stealth
   416 | D        | Reached skill level 5 in Hexes
   422 | D        | Reached *** piety under Dithmenos
   463 | D        | Killed an orc warrior
   463 | D        | Reached skill level 5 in Short Blades
   463 | D        | Reached skill level 8 in Stealth
   463 | D        | Reached skill level 1 in Ice Magic
   463 | D        | Reached XP level 3. HP: 17/17 MP: 1/10
   463 | D        | Reached XP level 4. HP: 21/21 MP: 1/11
   485 | D        | Reached **** piety under Dithmenos
   599 | D        | Learned a level 3 spell: Confuse
   603 | D        | Learned a level 3 spell: Tukima's Dance
   607 | D        | Learned a level 3 spell: Dazzling Spray
   699 | D        | Noticed a gnoll sergeant
   708 | D        | Noticed a deep elf mage
   709 | D        | Noticed a wolf
   709 | D        | Noticed a big kobold
   712 | D        | Noticed a redback
   712 | D        | Noticed a demonic crawler
   783 | D        | Reached skill level 1 in Fighting
   783 | D        | Reached skill level 5 in Spellcasting
   783 | D        | Reached XP level 5. HP: 25/25 MP: 8/13
   797 | D        | Noticed a smoke demon
   799 | D        | Noticed an ice devil
   812 | D        | Killed a deep elf mage
   812 | D        | Reached skill level 10 in Stealth
   812 | D        | Reached XP level 6. HP: 24/30 MP: 1/17
   812 | D        | Reached XP level 7. HP: 27/34 MP: 1/19
   936 | D        | Reached ***** piety under Dithmenos
   936 | D        | Reached skill level 11 in Stealth
  1514 | D        | Reached skill level 12 in Stealth
  1516 | D        | Noticed Jessica
  1518 | D        | Killed Jessica
  1522 | D        | Reached ****** piety under Dithmenos
  1529 | D        | Noticed a deep troll
  1529 | D        | Noticed an orc sorcerer
  1533 | D        | Killed an orc sorcerer
  1533 | D        | Reached skill level 13 in Stealth
  1533 | D        | Reached skill level 10 in Spellcasting
  1533 | D        | Reached skill level 5 in Ice Magic
  1533 | D        | Reached XP level 8. HP: 39/39 MP: 21/23
  1535 | D        | Killed a deep troll
  1535 | D        | Reached skill level 15 in Stealth
  1535 | D        | Reached skill level 10 in Hexes
  1681 | D        | Reached XP level 9. HP: 43/43 MP: 24/24
  1691 | D        | Reached skill level 10 in Dodging
  1774 | D        | Noticed a flayed ghost
  1774 | D        | Noticed a tyrant leech
  1779 | D        | Killed a tyrant leech
  1779 | D        | Reached skill level 16 in Stealth
  1794 | D        | Reached skill level 17 in Stealth
  1797 | D        | Noticed a smoke demon
  1802 | D        | Killed a flayed ghost
  1802 | D        | Reached skill level 18 in Stealth
  1809 | D        | Killed a smoke demon
  1918 | D        | Noticed a deep elf mage
  1918 | D        | Noticed a minotaur
  1918 | D        | Noticed a manticore
  1921 | D        | Killed a deep elf mage
  1921 | D        | Reached skill level 10 in Short Blades
  1923 | D        | Killed a minotaur
  1923 | D        | Reached skill level 19 in Stealth
  1923 | D        | Reached XP level 10. HP: 49/49 MP: 25/27
  1925 | D        | Killed a manticore
  1975 | D        | Reached skill level 20 in Stealth
  1976 | D        | Noticed Gastronok
  2180 | D        | Noticed a phantasmal warrior
  2194 | D        | Noticed a sun demon
  2197 | D        | Killed a sun demon
  2521 | D        | Killed from afar by Gastronok

Vault maps used:
D:        pitsprint

Skill      XL: |  1  2  3  4  5  6  7  8  9 10 |
---------------+-------------------------------+-----
Spellcasting   | 3 4 5 7 10 12 13 | 13.2
Hexes          | 4 6 8 9 10 12 13 | 13.1
Stealth        | 5 8 10 13 15 19 20 | 20.5
Short Blades   | 5 8 9 10 | 10.7
Dodging        | 6 8 9 10 | 10.4
Ice Magic      | 1 3 5 6 |  6.9
Fighting       | 1 2 3 |  3.7
Invocations    | |  0.2

Action                   |  1- 3 |  4- 6 |  7- 9 | 10-12 || total
-------------------------+-------+-------+-------+-------++-------
Melee: Dagger            |    55 |    27 |    49 |       ||   131
       Rapier            |       |       |    23 |    31 ||    54
 Cast: Ensorcelled Hiber |     5 |     3 |    19 |    33 ||    60
       Confuse           |       |     3 |     8 |    27 ||    38
       Dazzling Spray    |       |       |       |     4 ||     4
Invok: Shadow Step       |       |       |       |     3 ||     3
  Use: Potion            |     1 |     1 |       |     9 ||    11
       Scroll            |       |     1 |       |       ||     1
 Stab: Sleeping          |     2 |     1 |    21 |    14 ||    38
       Confused          |       |     1 |     7 |     2 ||    10
       Distracted        |       |       |     1 |       ||     1
  Eat: Fruit             |       |       |     2 |       ||     2
       Bread ration      |       |       |     1 |       ||     1
Armor: Robe              |     6 |       |     1 |     1 ||     8
Dodge: Dodged            |    57 |    19 |    34 |    58 ||   168
